 Dungeon Crawl Stone Soup version 0.21-a0-405-gf2af9a1 (webtiles) character file.

9157 Lucama221 the Cleaver (level 11, -2/97 HPs)
             Began as a Minotaur Fighter on Nov 2, 2017.
             Was a High Priest of Okawaru.
             Slain by a seven-headed hydra (7 damage)
             ... on level 9 of the Dungeon.
             The game lasted 01:22:55 (8768 turns).

Lucama221 the Cleaver (Minotaur Fighter)            Turns: 8768, Time: 01:22:58

Health: -2/97      AC: 17    Str: 24    XL:     11   Next: 19%
Magic:  0/10       EV:  7    Int:  5    God:    Okawaru [*****.]
Gold:   195        SH: 12    Dex: 10    Spells: 10/10 levels left

rFire    . . .     SeeInvis .   y - +0 morningstar (holy)
rCold    . . .     Gourm    .   c - +0 shield
rNeg     . . .     Faith    .   G - +0 plate armour
rPois    .         Spirit   +   (helmet restricted)
rElec    .         Reflect  .   b - +0 cloak
rCorr    .         Harm     .   (no gloves)
MR       .....                  s - +0 pair of boots
Stlth    ..........             g - amulet of guardian spirit
HPRegen  0.26/turn              (no ring)
MPRegen  0.12/turn              (no ring)

@: no status effects
A: retaliatory headbutt, horns 2
a: Heroism, Finesse, Renounce Religion


You were on level 9 of the Dungeon.
You worshipped Okawaru.
Okawaru was extremely pleased with you.
You were full.

You visited 2 branches of the dungeon, and saw 10 of its levels.

You collected 513 gold pieces.
You spent 318 gold pieces at shops.

Inventory:

Hand Weapons
 y - a +0 morningstar of holy wrath (weapon)
 A - the +1 broad axe of the Swamp {venom, +Blink +Rage rElec rC-}
   (You bought it in a shop on level 6 of the Dungeon)

   It poisons the flesh of those it strikes.
   It makes you vulnerable to cold.
   It insulates you from electricity.
   It lets you blink.
   It lets you go berserk.
Armour
 b - a +0 cloak (worn)
 c - a +0 shield (worn)
 s - a +0 pair of boots (worn)
 G - a +0 plate armour (worn)
 H - a +2 pair of gloves of dexterity
Jewellery
 g - an amulet of guardian spirit (around neck)
Wands
 l - a wand of polymorph (10/24)
 r - a wand of acid (7/15)
 w - a wand of confusion (23/48)
Scrolls
 a - a scroll of recharging {unknown}
 h - 4 scrolls of identify
 n - a scroll of fear {unknown}
 u - a scroll of amnesia
 z - 2 scrolls of immolation
 D - 2 scrolls of remove curse
 E - 3 scrolls of teleportation
Potions
 d - 4 potions of might
 e - 4 potions of curing
 j - 2 potions of invisibility
 m - 2 potions of flight
 p - a potion of degeneration {unknown}
 q - a potion of agility {unknown}
 t - a potion of ambrosia {unknown}
 v - 2 potions of lignification
 x - a potion of magic {unknown}
 B - a potion of resistance {unknown}
Comestibles
 f - 6 bread rations
 i - 6 meat rations
 k - 7 royal jellies
 C - 6 fruits
 F - 14 chunks of flesh


   Skills:
 + Level 9.1 Fighting
 + Level 13.2 Axes
 + Level 9.6 Armour
 + Level 4.1 Dodging
 - Level 1.5 Stealth
 + Level 9.9 Shields


You had 10 spell levels left.
You didn't know any spells.

Dungeon Overview and Level Annotations

Branches:
Dungeon (9/15)             Temple (0/1) D:4            Lair (1/6) D:9
    Orc: D:9-12

Altars:
Dithmenos
Elyvilon
Fedhas
Gozag
Makhleb
Okawaru
Qazlal
Ru
Vehumet
Wu Jian
Xom
Zin
The Shining One

Shops:
D:4 *   D:6 *   D:7 }   D:8 ?


Innate Abilities, Weirdness & Mutations

You reflexively headbutt those who attack you in melee.
You have a pair of horns on your head.


Message History

The wolf bites you but does no damage. The wolf barely misses you.
The seven-headed hydra bites you but does no damage.
You block the seven-headed hydra's attack.
The seven-headed hydra bites you!
* * * LOW HITPOINT WARNING * * *
The seven-headed hydra bites you but does no damage.
The seven-headed hydra bites you.
* * * LOW HITPOINT WARNING * * *
The seven-headed hydra bites you.
* * * LOW HITPOINT WARNING * * *
The seven-headed hydra bites you.
* * * LOW HITPOINT WARNING * * *
You block the wolf's attack. The seven-headed hydra bites you.
* * * LOW HITPOINT WARNING * * *
The seven-headed hydra bites you but does no damage. x2
The seven-headed hydra bites you!
* * * LOW HITPOINT WARNING * * *
The seven-headed hydra barely misses you.
The seven-headed hydra bites you!
You die...

#.###.....###
##...........##
#.............## ###
#...........♣..#
##.######..♣.....♣.....##
.......##.♣.............#
##...#.##.......F..P.P..#
##....##......♣hD....P.#
#....##..P....@h......#
##.#).)..(.......P.....#
##.##)##....P........P.##
...##.###...P.....P.P..#
.#.##.# #....♣.......P##
.#.##.# ####.........##
.#.##.# ##......#.#
.#.##.# #.#.###..#
.#.##.# #.......##


You could see a seven-headed hydra, 2 wolves and a bullfrog.

Vanquished Creatures
  3 two-headed ogres (D:9)
  Pikel (D:6)
  2 elephants (D:9)
  Joseph (D:7)
  A troll (D:9)
  Sigmund (D:1)
  A hungry ghost (D:9)
  A water moccasin (D:9)
  3 porcupines (D:9)
  2 ice beasts (D:5)
  A sky beast (D:8)
  2 slaves (D:6)
  3 black bears (D:9)
  A necrophage (D:9)
  6 wolves (D:9)
  A phantom (D:9)
  2 centaurs
  10 ogres
  4 crocodiles (D:9)
  A big kobold (D:9)
  4 bullfrogs
  A gnoll sergeant (D:9)
  A wyvern zombie (D:6)
  A water moccasin zombie (D:7)
  5 scorpions
  5 wights (D:8)
  A crimson imp (D:6)
  3 bullfrog zombies
  A quasit (D:5)
  A gnoll shaman (D:9)
  2 bullfrog skeletons (D:5)
  2 orc priests
  6 hounds
  A jelly (D:9)
  9 orc wizards
  2 iguanas
  6 worker ants
  A killer bee zombie (D:8)
  A hound zombie (D:6)
  3 hound skeletons
  Robin (D:2)
  A worker ant zombie (D:5)
  16 adders
  10 gnolls
  3 shadow imps
  3 oozes
  An adder zombie (D:7)
  2 worms
  A dart slug (D:1)
  4 leopard geckos
  19 orcs
  11 giant cockroaches
  17 goblins
  7 hobgoblins
  9 jackals
  6 quokkas
  5 bats
  3 frilled lizards
  A jackal skeleton (D:4)
  A jackal zombie (D:5)
  17 kobolds
  3 leopard gecko skeletons
  A leopard gecko zombie (D:5)
  A quokka zombie (D:5)
  11 rats
  A plant (D:9)
258 creatures vanquished.

Vanquished Creatures (others)
  A slave (D:6)
  3 fungi (D:9)
  18 plants (D:9)
22 creatures vanquished.

Grand Total: 280 creatures vanquished

Notes
Turn   | Place    | Note
-------+----------+-------------------------------------------
     0 | D:1      | Lucama221 the Minotaur Fighter began the quest for the Orb.
     0 | D:1      | Reached XP level 1. HP: 19/19 MP: 0/0
   118 | D:1      | Reached XP level 2. HP: 26/27 MP: 1/1
   282 | D:1      | Reached skill level 3 in Axes
   282 | D:1      | Reached XP level 3. HP: 33/33 MP: 2/2
   830 | D:2      | Noticed Sigmund
   982 | D:1      | Reached skill level 4 in Axes
  1165 | D:1      | Reached XP level 4. HP: 33/40 MP: 3/3
  1184 | D:1      | Killed Sigmund
  1184 | D:1      | Reached skill level 5 in Axes
  1184 | D:1      | Reached XP level 5. HP: 21/47 MP: 4/4
  1374 | D:2      | Noticed Robin
  1381 | D:2      | Killed Robin
  1420 | D:2      | Reached XP level 6. HP: 53/53 MP: 5/5
  1619 | D:2      | Found a glowing golden altar of the Shining One.
  1619 | D:2      | Found a glowing silver altar of Zin.
  1620 | D:2      | Found a white marble altar of Elyvilon.
  1883 | D:3      | Reached skill level 1 in Dodging
  2056 | D:3      | Found an iron altar of Okawaru.
  2063 | D:3      | Became a worshipper of Warmaster Okawaru
  2083 | D:3      | Found a stormy altar of Qazlal.
  2369 | D:3      | Reached skill level 5 in Armour
  2409 | D:3      | Reached skill level 5 in Shields
  2470 | D:3      | Reached skill level 6 in Axes
  2475 | D:3      | Found a burning altar of Makhleb.
  2764 | D:3      | Reached XP level 7. HP: 56/60 MP: 6/6
  3017 | D:4      | Reached * piety under Okawaru
  3024 | D:4      | Reached skill level 7 in Axes
  3025 | D:4      | Found Puogh's Practical Paraphernalia.
  3206 | D:4      | Found a sacrificial altar of Ru.
  3516 | D:4      | Reached skill level 5 in Fighting
  3753 | D:4      | Found a staircase to the Ecumenical Temple.
  3832 | D:5      | Entered Level 5 of the Dungeon
  3865 | D:5      | Reached skill level 1 in Stealth
  3865 | D:5      | Reached XP level 8. HP: 52/68 MP: 7/7
  4016 | D:5      | Found a glowing silver altar of Zin.
  4031 | D:5      | Reached skill level 8 in Axes
  4144 | D:5      | Reached ** piety under Okawaru
  4577 | D:6      | Reached skill level 9 in Axes
  4841 | D:6      | Found Ijuicer's Assorted Antiques.
  4850 | D:6      | Bought a crystal broad axe for 216 gold pieces
  4850 | D:6      | Identified the cursed +1 broad axe of the Swamp {venom, +Blink +Rage rElec rC-} (You bought it in a shop on level 6 of the Dungeon)
  4972 | D:6      | Found a blossoming altar of Fedhas.
  4972 | D:6      | Noticed Pikel
  4987 | D:6      | Killed Pikel
  4987 | D:6      | Reached *** piety under Okawaru
  4987 | D:6      | Reached XP level 9. HP: 73/78 MP: 8/8
  5124 | D:6      | Reached skill level 10 in Axes
  5464 | D:6      | Found an opulent altar of Gozag.
  5464 | D:6      | Found an ornate altar of the Wu Jian Council.
  5479 | D:6      | Found a shadowy altar of Dithmenos.
  5481 | D:6      | Found a shimmering altar of Xom.
  5482 | D:6      | Found a radiant altar of Vehumet.
  5718 | D:7      | Found Guus's Gadget Shop.
  6165 | D:7      | Noticed Joseph
  6181 | D:7      | Killed Joseph
  6181 | D:7      | Reached **** piety under Okawaru
  6487 | D:8      | Found Vicsev's Magic Scroll Boutique.
  6506 | D:8      | Bought a scroll of immolation for 42 gold pieces
  6506 | D:8      | Bought a scroll of remove curse for 36 gold pieces
  6506 | D:8      | Bought a scroll of identify for 24 gold pieces
  6766 | D:8      | Reached skill level 11 in Axes
  6994 | D:8      | Reached XP level 10. HP: 86/86 MP: 9/9
  7310 | D:9      | Noticed a two-headed ogre
  7319 | D:9      | Killed a two-headed ogre
  7319 | D:9      | Received a gift from Okawaru
  7319 | D:9      | Reached ***** piety under Okawaru
  7467 | D:9      | Reached skill level 12 in Axes
  7592 | D:9      | Received a gift from Okawaru
  7621 | D:9      | Found a staircase to the Lair.
  7976 | D:9      | Noticed a two-headed ogre
  7998 | D:9      | Killed a two-headed ogre
  8297 | D:9      | Noticed a two-headed ogre
  8303 | D:9      | Killed a two-headed ogre
  8303 | D:9      | Reached XP level 11. HP: 65/95 MP: 6/10
  8441 | D:9      | Reached skill level 13 in Axes
  8519 | Lair:1   | Entered Level 1 of the Lair of Beasts
  8519 | Lair:1   | Noticed a seven-headed hydra
  8768 | D:9      | Slain by a seven-headed hydra

Vault maps used:
D:1:      sevenhm_arrival_forest_fort_large_4
D:2:      good_gods_temple_1, uniq_sigmund, uniq_robin
D:3:      makhleb_heckhound_becter, old_standard_altar,
          nicolae_overflow_crystal_walls, first_bread, minmay_misc_feat_rows
D:4:      minmay_temple_entry_grid, corexii_item_surrounded_by_moat,
          nicolae_alphabet_shops, nicolae_ru_sacrificial_ziggurat
D:5:      basic_altar
D:6:      nicolae_overflow_hidden_temple, chequers_temple_overflow_minitemple,
          serial_shops, nicolae_shop_trees, uniq_pikel
D:7:      serial_shops, nicolae_shop_crystal, grunt_ogre_cave, uniq_joseph
D:8:      serial_shops, shop, minmay_misc_feat_square
D:9:      minmay_lair_entry_grove
Lair:1:   lab_entry_generic, grunt_forest_stairs_basic, grunt_megastairs_2,
          serial_bayou_shore_b, uniq_fannar

Skill      XL: |  1  2  3  4  5  6  7  8  9 10 11 |
---------------+----------------------------------+-----
Shields        | 4 5 6 7 8 9 |  9.9
Fighting       | 4 5 6 7 8 9 |  9.1
Axes           | 3 4 5 6 7 9 11 12 13 | 13.2
Armour         | 4 5 6 7 8 9 |  9.6
Dodging        | 1 2 3 4 |  4.1
Stealth        | 1 |  1.5

Action                   |  1- 3 |  4- 6 |  7- 9 | 10-12 || total
-------------------------+-------+-------+-------+-------++-------
Melee: War axe           |   101 |    36 |       |       ||   137
       Headbutt          |    13 |    24 |    63 |    32 ||   132
       Hand axe          |       |   130 |   239 |       ||   369
       Broad axe         |       |       |   135 |   177 ||   312
       Morningstar       |       |       |       |     1 ||     1
  Use: Scroll            |       |     7 |     6 |       ||    13
       Potion            |       |       |       |     5 ||     5
  Eat: Chunk             |     1 |     5 |    13 |     8 ||    27
       Fruit             |       |       |     2 |       ||     2
       Bread ration      |       |       |       |     1 ||     1
Armor: Scale mail        |    38 |    44 |    93 |       ||   175
       Chain mail        |       |       |    17 |       ||    17
       Plate armour      |       |       |       |   130 ||   130
Dodge: Dodged            |    36 |    43 |   104 |    48 ||   231
Block: Shield            |    52 |    74 |   178 |   127 ||   431

Table legend:
 A = Spawn XP
 B = Non-spawn XP
 C = Spawn XP percentage of total XP
 D = Spawn monster count
 E = Non-spawn monster count
 F = Spawn count percentage of total count
 G = Total turns spent on level
                    A         B        C        D         E        F      G
               +---------+---------+-------+---------+---------+-------+---------
         Total |       0 |   13082 |   0.0 |       0 |     255 |   0.0 |  8768
               +---------+---------+-------+---------+---------+-------+---------
           D:1 |       0 |     334 |   0.0 |       0 |      44 |   0.0 |  1335
           D:2 |       0 |      71 |   0.0 |       0 |      17 |   0.0 |   482
           D:3 |       0 |     336 |   0.0 |       0 |      34 |   0.0 |  1001
           D:4 |       0 |     601 |   0.0 |       0 |      20 |   0.0 |  1014
           D:5 |       0 |     993 |   0.0 |       0 |      24 |   0.0 |   725
           D:6 |       0 |    1396 |   0.0 |       0 |      30 |   0.0 |  1154
           D:7 |       0 |     827 |   0.0 |       0 |      12 |   0.0 |   720
           D:8 |       0 |    1015 |   0.0 |       0 |      21 |   0.0 |   649
           D:9 |       0 |    7509 |   0.0 |       0 |      53 |   0.0 |  1681
               +---------+---------+-------+---------+---------+-------+---------
